 Dungeon Crawl Stone Soup version 0.22.0-13-g43fe8f2 (webtiles) character file.

152 letownia2 the Insei (level 5, -7/39 HPs)
             Began as a Demonspawn Transmuter on Aug 16, 2018.
             Blown up by a kobold (12 damage)
             ... with a wand of disintegration (7)
             ... on level 3 of the Dungeon.
             The game lasted 00:07:24 (1164 turns).

letownia2 the Insei (Demonspawn Transmuter)         Turns: 1164, Time: 00:07:24

Health: -7/39      AC:  7    Str: 11    XL:     5   Next: 11%
Magic:  8/8        EV: 10    Int: 14    God:
Gold:   123        SH:  0    Dex: 14    Spells: 2/8 levels left

rFire    . . .     SeeInvis .   r - +0 hunting sling
rCold    . . .     Gourm    .   (no shield)
rNeg     . . .     Faith    .   i - +0 ring mail
rPois    .         Spirit   .   (no helmet)
rElec    .         Reflect  .   (no cloak)
rCorr    .         Harm     .   (no gloves)
MR       .....                  (no boots)
Stlth    +.........             (no amulet)
HPRegen  0.13/turn              (no ring)
MPRegen  0.11/turn              (no ring)

@: no status effects
A: rugged brown scales 2, spiny 1
a: no special abilities


You were on level 3 of the Dungeon.
You were not hungry.

You visited 1 branch of the dungeon, and saw 3 of its levels.

You collected 123 gold pieces.

Inventory:

Hand Weapons
 g - a +0 hunting sling
 r - a +0 hunting sling (weapon)
Missiles
 a - 23 arrows
 s - 24 stones (quivered)
 v - 23 sling bullets
Armour
 b - a +0 robe
 i - a +0 ring mail (worn)
 j - a +0 leather armour
Jewellery
 q - an uncursed ring of ice
Wands
 m - a wand of iceblast (3)
Scrolls
 c - 5 scrolls of teleportation {unknown}
 f - a scroll of identify {unknown}
 k - 2 scrolls of amnesia {unknown}
 l - 2 scrolls of fear {unknown}
 n - a scroll of magic mapping {unknown}
 o - a scroll of enchant armour {unknown}
 t - a scroll of immolation {unknown}
Potions
 e - 2 potions of heal wounds {unknown}
 h - 2 potions of curing
 p - 2 potions of agility {unknown}
 w - a potion of mutation {unknown}
 x - a potion of degeneration {unknown}
Comestibles
 d - 4 rations
 u - 3 chunks of flesh


   Skills:
 - Level 2.2 Fighting
 - Level 1.5 Armour
 - Level 1.7 Dodging
 + Level 4.5 Unarmed Combat
 - Level 2.0 Spellcasting
 - Level 1.7 Transmutations


You had 2 spell levels left.
You knew the following spells:

 Your Spells              Type           Power        Failure   Level  Hunger
a - Beastly Appendage     Tmut           #.....       26%         1    ##.....
l - Sticks to Snakes      Tmut           #.......     38%         2    ###....
p - Spider Form           Tmut/Pois      #.........   75%         3    ####...

Your spell library contained the following spells:

 Spells                   Type           Power        Failure   Level  Hunger
 Blade Hands              Tmut           #.........   100%        5    ######.
 Ice Form                 Ice/Tmut       #.......     98%         4    #####..


Dungeon Overview and Level Annotations

Branches:
Dungeon (3/15)

Altars:
Okawaru


Innate Abilities, Weirdness & Mutations

You are mostly covered in rugged brown scales. (AC +2, +5% HP)
You are partially covered in sharp spines.


Message History

Unknown command.
You hit the jackal.
You kill the jackal!
Unknown command.
Wield which item (- for none, * to show all)? (? for menu, Esc to quit)
r - a +0 hunting sling (weapon)
Firing (i - inventory. (/) - cycle)
s - 26 stones (quivered)
Press: ? - help, Shift-Dir - straight line, f - kobold
Aim: a kobold You shoot a stone.
The stone barely misses the kobold.
Your talons disappear.
The kobold throws a stone.
The stone hits you but does no damage.
Unknown command.
Firing (i - inventory. (/) - cycle)
s - 25 stones (quivered)
Press: ? - help, Shift-Dir - straight line, f - kobold, p - kobold
Aim: a kobold, carrying a wand of disintegration (7)
You shoot a stone. The stone barely misses the kobold.
You hear a splash.
The kobold zaps a wand.
You are blasted!
You die...

.≈≈≈≈≈≈..≈≈≈≈≈≈≈.
≈≈≈≈≈≈≈≈.≈≈##≈≈≈≈
≈≈≈≈≈≈≈.(♣≈≈≈≈≈≈≈
.≈#((#≈.<.≈##≈≈≈.
≈≈≈≈#≈≈...≈≈≈≈≈≈≈
≈≈≈≈≈≈#≈.#≈≈≈≈≈≈≈
.≈≈≈≈≈≈≈.≈≈≈≈≈≈≈#
#.≈≈≈≈†≈(†≈≈≈≈≈.#
.##≈≈≈≈.♣@≈≈≈≈≈..
#(#≈≈≈≈≈≈≈≈K#..
##(K#≈≈≈≈≈.##
..##≈≈.≈≈##.. #.#
###.#....#.. ...
....#### . #
#####


You could see 2 kobolds.

Vanquished Creatures
  An orc wizard (D:2)
  A worker ant (D:2)
  3 adders (D:2)
  9 dart slugs
  2 orcs (D:2)
  A ball python (D:3)
  7 bats
  2 giant cockroaches
  10 goblins
  2 hobgoblins
  5 jackals
  2 kobolds
  A quokka (D:3)
  4 frilled lizards
  6 rats
56 creatures vanquished.

Notes
Turn   | Place    | Note
-------+----------+-------------------------------------------
     0 | D:1      | letownia2 the Demonspawn Transmuter began the quest for the Orb.
     0 | D:1      | Reached XP level 1. HP: 15/15 MP: 3/3
   134 | D:1      | Reached skill level 3 in Unarmed Combat
   134 | D:1      | Gained mutation: You are partially covered in rugged brown scales. (AC +1, +3% HP) [demonic ancestry]
   134 | D:1      | Reached XP level 2. HP: 11/21 MP: 1/5
   458 | D:2      | Reached XP level 3. HP: 15/27 MP: 6/6
   692 | D:2      | Reached skill level 1 in Armour
   783 | D:2      | Gained mutation: You are partially covered in sharp spines. [demonic ancestry]
   783 | D:2      | Reached XP level 4. HP: 22/33 MP: 7/7
   820 | D:2      | Found an iron altar of Okawaru.
   917 | D:2      | Learned a level 2 spell: Sticks to Snakes
   921 | D:2      | Learned a level 3 spell: Spider Form
  1027 | D:2      | Reached skill level 4 in Unarmed Combat
  1109 | D:3      | Gained mutation: You are mostly covered in rugged brown scales. (AC +2, +5% HP) [demonic ancestry]
  1109 | D:3      | Reached XP level 5. HP: 18/39 MP: 5/8
  1164 | D:3      | Blown up by a kobold

Skill      XL: |  1  2  3  4 |
---------------+-------------+-----
Unarmed Combat | 3 4 |  4.5
Fighting       | 2 |  2.2
Armour         | 1 |  1.5
Dodging        | |  1.7
Spellcasting   | |  2.0
Transmutations | |  1.7

Action                   |  1- 3 |  4- 6 || total
-------------------------+-------+-------++-------
Melee: Unarmed           |   111 |    56 ||   167
       Kick              |    14 |     4 ||    18
       Headbutt          |     3 |     3 ||     6
       Punch             |     1 |       ||     1
 Fire: Hunting sling     |       |    13 ||    13
 Cast: Beastly Appendage |    22 |     9 ||    31
  Use: Potion            |     1 |       ||     1
  Eat: Chunk             |       |     2 ||     2
Armor: Ring mail         |    31 |    30 ||    61
Dodge: Dodged            |    63 |    30 ||    93
